cohdb
Replays
Latest Replays
All Replays
Popular Replays
Top Player Replays
Match Explorer
How It Works
Community
CoH3 Stats
Reddit
Sign in to upload your games and track your stats! →
Sign in with Steam
Match 41683322
Unlisted
Match 41683322
Overview
Messages
Build Orders
End
Construct Section Command Post
Infantry Section
Infantry Section
Selects Canadian Shock Battlegroup
Vickers Machine Gun Team
Construct Platoon Command Post
Construct Field Infirmary
Unlock M3 Stuart Light Tanks
6-pounder Anti-tank Gun Team
ML 3-inch Mortar Team
M3 Stuart Light Tank
CMP 15cwt Truck
Selects Burnout
Selects Attacking Spirit
Selects Canadian Shock Section
Construct Company Command Post
neko chan
Insomniac
pro
v4mp - HTB -
0
0
Comments
sign in to comment!
No comments posted yet!